 Dungeon Crawl Stone Soup version 0.29-a0-284-gf9362112df (webtiles) character file.

Game seed: 12664540484106511329

33 stonesoup the Slasher (level 3, 0/30 HPs)
             Began as a Barachi Berserker on Mar 24, 2022.
             Was a Follower of Trog.
             Succumbed to an adder's poison
             ... on level 2 of the Dungeon.
             The game lasted 00:03:14 (1195 turns).

stonesoup the Slasher (Barachi Berserker)           Turns: 1195, Time: 00:03:15

Health: 0/30       AC:  2    Str: 20    XL:     3   Next: 29%
Magic:  3/3        EV: 12    Int:  7    God:    Trog [*.....]
Gold:   46         SH:  0    Dex: 11    Spells: 2/2 levels left

rFire   + . .      SeeInvis .   a - +0 falchion
rCold   . . .      Faith    .   (no shield)
rNeg    . . .      Spirit   .   b - +0 animal skin
rPois   .          Reflect  .   (no helmet)
rElec   .          Harm     .   (no cloak)
rCorr   .          Rampage  .   (no gloves)
Will    .....                   (no boots)
Stlth   +.........              (no amulet)
HPRegen 0.10/turn               h - ring of protection from fire
MPRegen 0.08/turn               (no ring)

@: lethally poisoned (0 -> -5), on berserk cooldown, slowed, very slow
A: amphibious, slowness 1, strong legs 1, +LOS
a: Hop, Renounce Religion, Berserk


You were on level 2 of the Dungeon.
You worshipped Trog.
Trog was aware of your devotion.
You visited 1 branch of the dungeon, and saw 2 of its levels.

You collected 46 gold pieces.

Inventory:

Hand Weapons
 a - a +0 falchion (weapon)
 i - a +0 mace
Missiles
 d - 5 atropa-tipped darts
Armour
 b - a +0 animal skin (worn)
Jewellery
 h - a ring of protection from fire (left hand)
 j - a ring of resist corrosion
Scrolls
 e - a scroll of enchant armour {unknown}
 f - a scroll of vulnerability {unknown}
 g - 2 scrolls of teleportation {unknown}
 k - a scroll of identify {unknown}
Potions
 c - 3 potions of mutation {unknown}


   Skills:
 + Level 4.0 Fighting
 + Level 4.1 Long Blades
 + Level 3.0 Armour
 + Level 2.7 Dodging


You had 2 spell levels left.
You didn't know any spells.
Your spell library was empty.

Dungeon Overview and Level Annotations

Branches:
Dungeon (2/15)

Altars:


Innate Abilities, Weirdness & Mutations

You are amphibious.
You cover ground slowly.
You can hop short distances.
You have an extended range of vision and can be seen from far away.


Message History

You are poisoned.
The adder poisons you! The adder bites you.
You closely miss the adder.
The adder is severely wounded.
You feel sick. The adder bites you.
You are more poisoned.
The adder poisons you!
You closely miss the adder.
The adder is severely wounded.
You feel sick. The adder barely misses you. x2
You barely miss the adder.
The adder is severely wounded.
You feel sick. The adder barely misses you.
A red film seems to cover your vision as you go berserk!
You feel yourself moving faster!
You feel mighty!
You feel sick. The adder bites you.
* * * LOW HITPOINT WARNING * * *
You are lethally poisoned!
The adder poisons you!
You completely miss the adder.
The adder is severely wounded.
* * * LOW HITPOINT WARNING * * *
You feel sick. The adder bites you but does no damage.
You slash the adder!
You kill the adder!
Trog accepts your kill.
* * * LOW HITPOINT WARNING * * *
You feel sick.
Your Armour skill increases to level 3!
* * * LOW HITPOINT WARNING * * *
You feel sick.
You feel a strong urge to attack something.
* * * LOW HITPOINT WARNING * * *
You feel sick.
You are no longer berserk.
You are exhausted.
You feel yourself slow down.
* * * LOW HITPOINT WARNING * * *
You feel sick.
You die...

#.# # #.#.#
###.#. ....
##.##### #.....<#
#####..#####
#........#
#...@....#
.......†.....#
.............#
.............#
...............
.................
.............####
.............#
.............#


There were no monsters in sight!

Vanquished Creatures
  An adder (D:2)
  3 ball pythons (D:1)
  A giant cockroach (D:1)
  5 hobgoblins
  3 jackals (D:1)
  A bat (D:1)
  2 frilled lizards (D:1)
  4 kobolds (D:1)
  2 rats (D:1)
22 creatures vanquished.

Notes
Turn   | Place    | Note
-------+----------+-------------------------------------------
     0 | D:1      | stonesoup the Barachi Berserker began the quest for the
                  | Orb.
     0 | D:1      | Reached XP level 1. HP: 18/18 MP: 1/1
    59 | D:1      | Reached XP level 2. HP: 12/25 MP: 2/2
  1182 | D:2      | Reached XP level 3. HP: 25/30 MP: 3/3
  1194 | D:2      | HP: 1/30 [poisoned by an adder]
  1195 | D:2      | Succumbed to an adder's poison

Illustrated notes

Levels and vault maps discovered:
D:1:      dpeg_arrival_tiny_g, layout_rooms
D:2:      layout_basic

Skill      XL: |  1  2  3 |
---------------+----------+-----
Fighting       | 4 |  4.0
Long Blades    | 4 |  4.1
Armour         | 3 |  3.0
Dodging        | |  2.7

Action                   || total
-------------------------++-------
Melee: Falchion          ||    66
       Punch             ||     2
Invok: Berserk           ||     3
 Abil: Hop               ||     1
Armor: Animal skin       ||    10
Dodge: Dodged            ||    67

Table legend: (Time is in decaauts)
 A = Elapsed time spent in this place.
 B = Non-inter-level travel time spent in this place.
 C = Inter-level travel time spent in this place.
 D = Time resting spent in this place.
 E = Time spent auto-exploring this place.
 F = Levels seen in this place.
 G = Mean time per level.
                   A        B        C        D        E       F      G
               +--------+--------+--------+--------+--------+-----+--------+
         Total |   1346 |   1205 |    141 |    410 |    312 |   2 |  673.0 |
       Dungeon |   1346 |   1205 |    141 |    410 |    312 |   2 |  673.0 |
               +--------+--------+--------+--------+--------+-----+--------+

Top non-repeatable levels by time:
     D:1: 1322 daAuts
     D:2: 23 daAuts
